 Dungeon Crawl Stone Soup version 0.21-a0-405-gf2af9a1 (webtiles) character file.

499 Heskey the Charmwright (level 7, -5/56 HPs)
             Began as a Gnoll Skald on Nov 1, 2017.
             Killed from afar by Pikel (16 damage)
             ... with a wand of acid (?/15)
             ... on level 5 of the Dungeon.
             The game lasted 00:15:05 (5579 turns).

Heskey the Charmwright (Gnoll Skald)                Turns: 5579, Time: 00:15:05

Health: -5/56      AC: 11    Str: 15    XL:     7   Next: 16%
Magic:  15/15      EV:  9    Int: 15    God:
Gold:   149        SH:  0    Dex: 15    Spells: 14/17 levels left

rFire    . . .     SeeInvis .   a - +1 spear
rCold    . . .     Gourm    .   (no shield)
rNeg     . . .     Faith    .   r - +0 chain mail
rPois    .         Spirit   .   (no helmet)
rElec    .         Reflect  .   (no cloak)
rCorr    .         Harm     .   o - +1 pair of gloves
MR       .....                  (no boots)
Stlth    ..........             k - amulet of inaccuracy
HPRegen  0.18/turn              j - ring of loudness
MPRegen  0.14/turn              (no ring)

@: singing (expiring)
A: distributed training, fangs 1, strong nose
a: no special abilities


You were on level 5 of the Dungeon.
You were not hungry.

You visited 1 branch of the dungeon, and saw 5 of its levels.

You collected 149 gold pieces.

Inventory:

Hand Weapons
 a - a +1 spear (weapon)
Armour
 m - a +0 plate armour
 o - a +1 pair of gloves (worn)
 r - a +0 chain mail (worn)
 u - a +0 pair of gloves
 w - the +1 ring mail of the Blacksmith {rN+ Stlth+}
   (You found it on level 4 of the Dungeon)

   It protects you from negative energy.
   It makes you more stealthy.
Jewellery
 j - a ring of loudness (left hand)
 k - an amulet of inaccuracy (around neck)
Wands
 l - a wand of polymorph (13/24)
Scrolls
 b - 2 scrolls of amnesia
 i - 7 scrolls of identify
 q - a scroll of enchant weapon
Potions
 e - 2 potions of brilliance
Books
 c - a book of Battle

   Spells                             Type                      Level
   a - Infusion                       Charms                       1
   b - Shroud of Golubria             Charms/Translocation         2
   c - Song of Slaying                Charms                       2
   d - Spectral Weapon                Hexes/Charms                 3
   e - Regeneration                   Charms/Necromancy            3
 h - a book of Misfortune

   Spells                             Type                      Level
   a - Confusing Touch                Hexes                        1
   b - Confuse                        Hexes                        3
   c - Gell's Gravitas                Translocation                3
   d - Petrify                        Transmutation/Earth          4
   e - Metabolic Englaciation         Hexes/Ice                    5
   f - Yara's Violent Unravelling     Hexes/Transmutation          5
Comestibles
 d - 3 bread rations
 f - 4 royal jellies
 g - 2 fruits
 n - 3 meat rations
 s - 4 chunks of flesh


   Skills:
 + Level 5.1 Fighting
 + Level 2.2 Short Blades
 + Level 2.2 Long Blades
 + Level 2.2 Axes
 + Level 2.2 Maces & Flails
 + Level 5.1 Polearms
 + Level 2.2 Staves
 + Level 2.2 Slings
 + Level 2.2 Bows
 + Level 2.2 Crossbows
 + Level 2.2 Throwing
 + Level 3.4 Armour
 + Level 5.1 Dodging
 + Level 2.2 Stealth
 + Level 2.2 Shields
 + Level 2.2 Unarmed Combat
 + Level 5.5 Spellcasting
 + Level 1.8 Conjurations
 + Level 1.8 Hexes
 + Level 5.7 Charms
 + Level 1.8 Summonings
 + Level 1.8 Necromancy
 + Level 1.8 Translocations
 + Level 1.8 Transmutations
 + Level 1.8 Fire Magic
 + Level 1.8 Ice Magic
 + Level 1.8 Air Magic
 + Level 1.8 Earth Magic
 + Level 1.8 Poison Magic
 + Level 2.5 Invocations
 + Level 2.2 Evocations


You had 14 spell levels left.
You knew the following spells:

 Your Spells              Type           Power        Failure   Level  Hunger
a - Infusion              Chrm           ###.         28%         1    None
b - Song of Slaying       Chrm           ###.....     38%         2    #......


Dungeon Overview and Level Annotations

Branches:
Dungeon (5/15)
 Temple: D:4-7

Altars:
Hepliaklqana
Kikubaaqudgha
Sif Muna
Trog
Wu Jian
Xom

Shops:
D:4 (

Annotations:
D:5 Pikel


Innate Abilities, Weirdness & Mutations

Your experience applies equally to all skills.
You have very sharp teeth.
Your uncanny sense of smell can sniff out nearby items.


Message History

You feel better.
You miss Pikel.
Pikel is moderately wounded.
Pikel hits you but does no damage.
You hit Pikel but do no damage.
Pikel is moderately wounded.
Your song is almost over.
You hit Pikel but do no damage.
Pikel is moderately wounded.
Pikel hits you but does no damage.
You miss Pikel.
Pikel is moderately wounded.
Pikel hits you but does no damage.
You miss Pikel.
Pikel is moderately wounded.
Your magical contamination has completely faded away.
You hit Pikel.
Pikel is moderately wounded.
Pikel zaps a wand.
The bolt of acid hits you!
You die...

#.........#.######..#.###.#
########.##.........#.# #.#
## #.##########.#.###.# .#
##+# #.#..##.# .# #...#
#.##.##.# .# .....#
##.##.##.# .## ......#
##..##.##.# ..####
.....pr####..<).).).#
.....+
.....ppK@.....)#.####
..#### ......p####...##.#
.## ......# ##.###.# ####
.....# ##....# ...# #...#
#....# ##.# ##+# #...##
##.# #.# ##.## #.# #.# #.#
#.# ##.###########.#


You could see Pikel, 4 slaves and a quokka.

Vanquished Creatures
  A phantom (D:4)
  A scorpion (D:4)
  An orc priest (D:4)
  2 orc wizards
  An iguana (D:4)
  A worker ant (D:4)
  A hound zombie (D:5)
  4 gnolls (D:3)
  4 adders
  2 oozes
  An adder skeleton (D:4)
  A worm (D:2)
  2 dart slugs (D:1)
  6 leopard geckos
  9 orcs
  9 bats
  A bat zombie (D:2)
  11 giant cockroaches
  8 goblins
  8 hobgoblins
  7 jackals
  A quokka (D:3)
  3 ball pythons
  6 frilled lizards
  7 kobolds
  A leopard gecko zombie (D:5)
  14 rats
  4 rat zombies (D:2)
117 creatures vanquished.

Vanquished Creatures (others)
  A wizard (D:4)
1 creature vanquished.

Grand Total: 118 creatures vanquished

Notes
Turn   | Place    | Note
-------+----------+-------------------------------------------
     0 | D:1      | Heskey the Gnoll Skald began the quest for the Orb.
     0 | D:1      | Reached XP level 1. HP: 20/20 MP: 6/6
    78 | D:1      | Reached XP level 2. HP: 25/26 MP: 7/7
   464 | D:1      | Reached XP level 3. HP: 30/31 MP: 9/9
   470 | D:1      | Reached skill level 5 in Spellcasting
   572 | D:1      | Found a shimmering altar of Xom.
   666 | D:1      | Reached skill level 1 in Invocations
  1166 | D:2      | Reached skill level 1 in Short Blades
  1166 | D:2      | Reached skill level 1 in Long Blades
  1166 | D:2      | Reached skill level 1 in Axes
  1166 | D:2      | Reached skill level 1 in Maces & Flails
  1166 | D:2      | Reached skill level 1 in Staves
  1166 | D:2      | Reached skill level 1 in Slings
  1166 | D:2      | Reached skill level 1 in Bows
  1166 | D:2      | Reached skill level 1 in Crossbows
  1166 | D:2      | Reached skill level 1 in Throwing
  1166 | D:2      | Reached skill level 1 in Stealth
  1166 | D:2      | Reached skill level 1 in Shields
  1166 | D:2      | Reached skill level 1 in Unarmed Combat
  1166 | D:2      | Reached skill level 1 in Evocations
  1354 | D:2      | Reached XP level 4. HP: 36/38 MP: 11/11
  1802 | D:2      | Found an ancient bone altar of Kikubaaqudgha.
  1952 | D:3      | Found a hazy altar of Hepliaklqana.
  2328 | D:3      | Reached skill level 1 in Conjurations
  2328 | D:3      | Reached skill level 1 in Hexes
  2328 | D:3      | Reached skill level 1 in Summonings
  2328 | D:3      | Reached skill level 1 in Necromancy
  2328 | D:3      | Reached skill level 1 in Translocations
  2328 | D:3      | Reached skill level 1 in Transmutations
  2328 | D:3      | Reached skill level 1 in Fire Magic
  2328 | D:3      | Reached skill level 1 in Ice Magic
  2328 | D:3      | Reached skill level 1 in Air Magic
  2328 | D:3      | Reached skill level 1 in Earth Magic
  2328 | D:3      | Reached skill level 1 in Poison Magic
  2513 | D:3      | Reached XP level 5. HP: 27/43 MP: 5/12
  3135 | D:3      | Found an ornate altar of the Wu Jian Council.
  3691 | D:4      | Reached XP level 6. HP: 31/50 MP: 13/13
  3980 | D:4      | Found Gasa's Weapon Boutique.
  4094 | D:4      | Found a bloodstained altar of Trog.
  4095 | D:4      | Noticed a wizard
  4101 | D:4      | Killed a wizard
  4283 | D:4      | Reached skill level 5 in Fighting
  4283 | D:4      | Reached skill level 5 in Polearms
  4283 | D:4      | Reached skill level 5 in Dodging
  4539 | D:4      | Got a fine ring mail
  4540 | D:4      | Identified the +1 ring mail of the Blacksmith {rN+ Stlth+} (You found it on level 4 of the Dungeon)
  4599 | D:4      | Noticed a phantom
  4700 | D:4      | Killed a phantom
  4700 | D:4      | Reached XP level 7. HP: 19/56 MP: 13/15
  4990 | D:4      | Learned a level 2 spell: Song of Slaying
  5208 | D:5      | Entered Level 5 of the Dungeon
  5298 | D:5      | Found a bloodstained altar of Trog.
  5302 | D:5      | Found a deep blue altar of Sif Muna.
  5549 | D:5      | Noticed Pikel
  5579 | D:5      | Killed from afar by Pikel

Vault maps used:
D:1:      dpeg_arrival_ternary, xom_teletrap_fun
D:2:      lemuel_zombie_altar_kikubaaqudgha, first_bread, wad_floor_pattern_1,
          hangedman_decor_growths
D:3:      minmay_roachtagon, nicolae_overflow_crystal_walls,
          lemuel_crystal_altar
D:4:      minmay_opposing_rooms, serial_shops, shop, trog_wizard
D:5:      makhleb_grotto_becter, grunt_temple_overflow_open,
          minmay_statues_item, serial_bayou_pond_d, uniq_pikel

Skill      XL: |  1  2  3  4  5  6 |
---------------+-------------------+-----
Spellcasting   | 5 |  5.5
Invocations    | 1 2 |  2.5
Short Blades   | 1 2 |  2.2
Long Blades    | 1 2 |  2.2
Axes           | 1 2 |  2.2
Maces & Flails | 1 2 |  2.2
Staves         | 1 2 |  2.2
Slings         | 1 2 |  2.2
Bows           | 1 2 |  2.2
Crossbows      | 1 2 |  2.2
Throwing       | 1 2 |  2.2
Stealth        | 1 2 |  2.2
Shields        | 1 2 |  2.2
Unarmed Combat | 1 2 |  2.2
Evocations     | 1 2 |  2.2
Conjurations   | 1 |  1.8
Hexes          | 1 |  1.8
Summonings     | 1 |  1.8
Necromancy     | 1 |  1.8
Translocations | 1 |  1.8
Transmutations | 1 |  1.8
Fire Magic     | 1 |  1.8
Ice Magic      | 1 |  1.8
Air Magic      | 1 |  1.8
Earth Magic    | 1 |  1.8
Poison Magic   | 1 |  1.8
Armour         | 3 |  3.4
Fighting       | 5 |  5.1
Polearms       | 5 |  5.1
Dodging        | 5 |  5.1
Charms         | |  5.7

Action                   |  1- 3 |  4- 6 |  7- 9 || total
-------------------------+-------+-------+-------++-------
Melee: Spear             |   162 |   461 |    92 ||   715
       Bite              |    14 |    37 |     6 ||    57
       Punch             |       |     2 |     1 ||     3
 Cast: Infusion          |     1 |     4 |     1 ||     6
       Song of Slaying   |       |       |     1 ||     1
  Use: Scroll            |     1 |     7 |     2 ||    10
       Potion            |       |     7 |     1 ||     8
 Stab: Sleeping          |     3 |     2 |       ||     5
  Eat: Chunk             |     1 |     6 |       ||     7
       Bread ration      |       |     2 |       ||     2
       Fruit             |       |     1 |       ||     1
Armor: Leather armour    |    20 |     7 |       ||    27
       Chain mail        |       |   167 |    46 ||   213
Dodge: Dodged            |    73 |   161 |    38 ||   272

Table legend:
 A = Spawn XP
 B = Non-spawn XP
 C = Spawn XP percentage of total XP
 D = Spawn monster count
 E = Non-spawn monster count
 F = Spawn count percentage of total count
 G = Total turns spent on level
                    A         B        C        D         E        F      G
               +---------+---------+-------+---------+---------+-------+---------
         Total |       0 |     714 |   0.0 |       0 |     117 |   0.0 |  5579
               +---------+---------+-------+---------+---------+-------+---------
           D:1 |       0 |      63 |   0.0 |       0 |      32 |   0.0 |   942
           D:2 |       0 |      37 |   0.0 |       0 |      23 |   0.0 |  1010
           D:3 |       0 |     132 |   0.0 |       0 |      34 |   0.0 |  1557
           D:4 |       0 |     398 |   0.0 |       0 |      20 |   0.0 |  1699
           D:5 |       0 |      84 |   0.0 |       0 |       8 |   0.0 |   371
               +---------+---------+-------+---------+---------+-------+---------
